 Dungeon Crawl Stone Soup version 0.29.1-1-gd02db69 (webtiles) character file.

Game seed: 883859103508373621

6542 Kel the Basher (level 11, -7/66 HPs)
             Began as a Gargoyle Berserker on Jan 25, 2023.
             Was an Elder of Trog.
             Killed by divine providence
             ... invoked by an orc priest
              (14 damage)
             ... on level 9 of the Dungeon on Jan 26, 2023.
             The game lasted 00:25:03 (10036 turns).

Kel the Basher (Gargoyle Berserker)                Turns: 10036, Time: 00:25:04

Health: -7/66      AC: 17    Str: 33    XL:     11   Next: 1%
Magic:  0/11       EV:  8    Int: 11    God:    Trog [****..]
Gold:   445        SH:  0    Dex:  9    Spells: 10/10 levels left

rFire   + . .      SeeInvis .   v - +4 dire flail (venom)
rCold   . . .      Faith    .   (shield currently unavailable)
rNeg    + . .      Spirit   +   y - +0 plate armour
rPois   ∞          Reflect  .   (no helmet)
rElec   +          Harm     .   (no cloak)
rCorr   .          Rampage  .   k - +0 pair of gloves
Will    .....                   (no boots)
Stlth   ..........              a - amulet of guardian spirit
HPRegen 0.21/turn               n - +6 ring of strength
MPRegen 0.12/turn               l - ring "Debirun" {rF+ Str+3 Int+2}

@: confused, on berserk cooldown
A: sickness immunity, AC +8, negative energy resistance 1, electricity
resistance, torment resistance 1, petrification resistance, deformed body,
devolution 1
a: Renounce Religion, Berserk, Trog's Hand, Brothers in Arms


You were on level 9 of the Dungeon.
You worshipped Trog.
Trog was greatly pleased with you.
You visited 1 branch of the dungeon, and saw 9 of its levels.

You collected 445 gold pieces.

Inventory:

Hand Weapons
 b - a +4 battleaxe
 v - a +4 dire flail of venom (weapon)
Armour
 k - a +0 pair of gloves (worn)
 y - a +0 plate armour (worn)
Jewellery
 a - an amulet of guardian spirit (around neck)
 l - the ring "Debirun" (right hand) {rF+ Str+3 Int+2}
   (You found it on level 2 of the Dungeon)

   [ring of protection from fire]

   Str:       It affects your strength (+3).
   Int:       It affects your intelligence (+2).
   rF:        It protects you from fire.
 n - a +6 ring of strength (left hand)
Scrolls
 c - 6 scrolls of teleportation
 d - 4 scrolls of poison
 e - 2 scrolls of fog
 g - a scroll of enchant armour
 h - 3 scrolls of enchant weapon
 i - a scroll of fear
 m - a scroll of identify
 p - a scroll of brand weapon {unknown}
 s - a scroll of immolation {unknown}
 u - a scroll of blinking {unknown}
 w - a scroll of magic mapping {unknown}
Potions
 f - a potion of haste {unknown}
 j - 2 potions of mutation
 o - a potion of cancellation
 t - a potion of might {unknown}
 x - a potion of heal wounds {unknown}


   Skills:
 * Level 6.9 Fighting
 - Level 9.3(11.1) Axes
 + Level 10.7(12.4) Maces & Flails
 * Level 6.4 Armour
 - Level 1.5 Dodging


You had 10 spell levels left.
You didn't know any spells.
Your spell library was empty.

Dungeon Overview and Level Annotations

Branches:
Dungeon (9/15)             Temple (0/1) D:5             Orc (0/2) D:9
   Lair: D:8-11

Altars:
Ashenzari
Cheibriados
Dithmenos
Fedhas
Gozag
Makhleb
Okawaru
Qazlal
Uskayaw
Vehumet
Xom
Yredelemnul

Shops:
D:6 !

Annotations:
D:9 1 runed translucent door, geeeeen's ghost, journeyman BaIE


Innate Abilities, Weirdness & Mutations

You are immune to sickness and miasma.
Your stone body is resilient. (AC +8)
You are immune to poison.
You resist negative energy. (rN+)
You are resistant to electric shocks. (rElec)
You are resistant to unholy torment.
You are immune to petrification.
Armour fits poorly on your strangely shaped body.
You have hidden genetic defects.


Message History

The orc wizard casts a spell.
The orc wizard flickers and vanishes!
Deactivating autopickup; reactivate with Ctrl-A.
The gnoll barely misses you. The gnoll hits you but does no damage.
The gnoll barely misses you. The orc hits you but does no damage.
The gnoll hits you but does no damage.
As you read the scroll of fog, it crumbles to dust.
The scroll dissolves into smoke.
The orc hits you but does no damage.
The gnoll hits you from afar with a +0 spear.
* * * LOW HITPOINT WARNING * * *
The gnoll hits you but does no damage. The orc attacks as you move away!
The orc hits you but does no damage.
You sock the orc!
You kill the orc!
Trog accepts your kill. The gnoll hits you but does no damage.
You hear some strange, mumbled words.
You are confused.
The gnoll hits you but does no damage.
You see here a +0 club.
You hit something. Something hits you but does no damage.
The gnoll hits you from afar with a +0 spear.
* * * LOW HITPOINT WARNING * * *
The gnoll hits you but does no damage.
You bump into the rock wall.
Something hits you but does no damage.
The gnoll hits you from afar with a +0 spear.
* * * LOW HITPOINT WARNING * * *
The gnoll hits you but does no damage.
You bump into the rock wall.
Something hits you but does no damage. The gnoll hits you but does no damage.
The gnoll barely misses you.
You bump into the rock wall.
Something hits you but does no damage. The gnoll barely misses you. x2
You bump into the rock wall.
The orc priest begins to cast a cantrip, but forgets the words!
Something hits you but does no damage. The gnoll hits you but does no damage.
The gnoll closely misses you.
You bump into the rock wall.
Something hits you but does no damage.
The orc priest mumbles some strange prayers to Beogh against you.
Beogh smites you!
You die...

...............
...............
########....... #.......
#....... #....... #####
#.).....
#§§§♣♣♣♣♣♣♣♣♣†)...
#@#♣..≈≈≈≈≈..♣....
#{#♣.≈.....≈.♣....
....ogggo♣.≈.≈≈≈.≈.♣....
..##{§§§§♣.≈≈...≈≈.♣....
##....♣.≈≈._.≈≈.♣####
##.##♣.≈≈...≈≈.♣ #.
♣.≈.≈≈≈.≈.♣ ..
♣.≈.....≈.♣
####♣..≈≈≈≈≈..♣#


You could see an orc priest and 2 gnolls.

Vanquished Creatures
  Pikel (D:4)
  Maggie (D:7)
  An unseen horror (D:8)
  A hornet (D:9)
  Grinder (D:4)
  6 yaks (D:9)
  Menkaure (D:6)
  Edmund (D:5)
  An acid dragon (D:8)
  2 water moccasins
  A warg (D:9)
  An ice beast (D:6)
  3 orc warriors
  A black bear (D:6)
  A sky beast (D:6)
  5 ogres
  3 centaurs
  A lemure (D:4)
  A phantom (D:5)
  2 kobold brigands
  Blork the orc (D:4)
  2 gnoll sergeants
  A scorpion (D:7)
  12 wights
  5 killer bees (D:8)
  2 howler monkeys (D:8)
  6 hounds
  4 jellies
  An orc priest (D:9)
  A gnoll bouda (D:8)
  5 iguanas
  Terence (D:3)
  8 orc wizards
  13 gnolls
  5 adders
  2 shadow imps
  2 white imps (D:6)
  5 dart slugs
  20 orcs
  7 ball pythons
  4 endoplasms
  A giant cockroach (D:1)
  9 goblins
  7 hobgoblins
  7 jackals (D:2)
  27 kobolds
  5 quokkas
  4 bats
  4 frilled lizards
  2 rats (D:1)
208 creatures vanquished.

Vanquished Creatures (others)
  2 withered plants (D:9)
2 creatures vanquished.

Grand Total: 210 creatures vanquished

Notes
Turn   | Place    | Note
-------+----------+-------------------------------------------
     0 | D:1      | Kel the Gargoyle Berserker began the quest for the Orb.
     0 | D:1      | Reached XP level 1. HP: 14/14 MP: 1/1
   463 | D:1      | Reached XP level 2. HP: 14/19 MP: 2/2
  1141 | D:1      | Reached XP level 3. HP: 23/23 MP: 3/3
  1143 | D:1      | Reached ** piety under Trog
  1561 | D:1      | Found a faded altar of an unknown god.
  1805 | D:2      | Reached XP level 4. HP: 22/28 MP: 4/4
  2026 | D:2      | Identified the ring "Debirun" {rF+ Str+3 Int+2}
  2530 | D:3      | Noticed Terence
  2550 | D:3      | Killed Terence
  2551 | D:3      | Reached skill level 5 in Axes
  2551 | D:3      | Reached XP level 5. HP: 15/32 MP: 5/5
  3341 | D:3      | Found a snail-covered altar of Cheibriados.
  3461 | D:4      | Found a large runed translucent door.
  3461 | D:4      | Found a large runed translucent door.
  3464 | D:4      | Found a shimmering altar of Xom.
  3476 | D:4      | Noticed Grinder
  3493 | D:4      | Paralysed by Grinder for 3 turns
  3499 | D:4      | Killed Grinder
  3500 | D:4      | Reached XP level 6. HP: 27/37 MP: 6/6
  3665 | D:4      | Noticed Pikel
  3673 | D:4      | Killed Pikel
  3674 | D:4      | Reached XP level 7. HP: 41/41 MP: 7/7
  3954 | D:4      | Noticed Blork the orc
  3967 | D:4      | Killed Blork the orc
  3968 | D:4      | Reached XP level 8. HP: 28/46 MP: 8/8
  4286 | D:5      | Entered Level 5 of the Dungeon
  4550 | D:5      | Noticed Edmund
  4560 | D:5      | Killed Edmund
  4831 | D:5      | Reached skill level 1 in Maces & Flails
  4840 | D:5      | Found a shadowy altar of Dithmenos.
  4884 | D:5      | Found an opulent altar of Gozag.
  4971 | D:5      | Found a basalt altar of Yredelemnul.
  5116 | D:5      | Found a staircase to the Ecumenical Temple.
  5119 | D:5      | Found a shimmering altar of Xom.
  5126 | D:5      | Reached skill level 2 in Maces & Flails
  5130 | D:5      | Reached skill level 3 in Maces & Flails
  5156 | D:5      | Reached *** piety under Trog
  5157 | D:5      | Reached skill level 4 in Maces & Flails
  5390 | D:5      | Found an iron altar of Okawaru.
  5457 | D:5      | Reached skill level 5 in Maces & Flails
  5725 | D:5      | Found a broken altar of Ashenzari.
  5928 | D:6      | Reached XP level 9. HP: 51/51 MP: 9/9
  5935 | D:6      | Reached skill level 6 in Maces & Flails
  5997 | D:6      | Found Yroetaet's Distillery.
  6086 | D:6      | Reached skill level 7 in Maces & Flails
  6341 | D:6      | Reached skill level 8 in Maces & Flails
  6543 | D:6      | Noticed Menkaure
  6555 | D:6      | Killed Menkaure
  6933 | D:7      | Reached skill level 9 in Maces & Flails
  7388 | D:7      | Noticed Maggie
  7405 | D:7      | Killed Maggie
  7406 | D:7      | Reached XP level 10. HP: 56/56 MP: 10/10
  7409 | D:7      | Reached skill level 10 in Maces & Flails
  7531 | D:7      | Found a hide-covered altar of Uskayaw.
  7716 | D:8      | Found a blossoming altar of Fedhas.
  7859 | D:8      | Reached **** piety under Trog
  7902 | D:8      | Killed an unseen horror
  8178 | D:8      | Gained mutation: You have hidden genetic defects. [potion
                  | of mutation]
  8821 | D:8      | Found a burning altar of Makhleb.
  9231 | D:8      | Found a stormy altar of Qazlal.
  9355 | D:9      | Reached skill level 5 in Fighting
  9418 | D:9      | Reached skill level 5 in Armour
  9436 | D:9      | Found a staircase to the Orcish Mines.
  9636 | D:9      | Found a runed translucent door.
  9637 | D:9      | Noticed geeeeen's ghost (journeyman BaIE)
  9650 | D:9      | Found a radiant altar of Vehumet.
  9678 | D:9      | Gained mutation: Armour fits poorly on your strangely
                  | shaped body. [hidden defects]
 10010 | D:9      | Reached XP level 11. HP: 40/66 MP: 5/11
 10036 | D:9      | Killed from afar by an orc priest

Illustrated notes

Levels and vault maps discovered:
D:1:      amcnicky_arrival_feature_with_door, layout_basic,
          hellmonk_ecumenical_altar_inner_sanctum
D:2:      layout_loops_cross
D:3:      layout_loops_ring, general_overflow_altar,
          ebering_dispersal_statue_hall, uniq_terence
D:4:      due_chaos_kobolds, layout_basic, dreamdust_princess_bridge,
          uniq_blork_the_orc, uniq_grinder, uniq_pikel
D:5:      nicolae_BIG_FREAKIN_CUBE, layout_loops_ring,
          nicolae_dithmenos_through_a_glass_darkly,
          lemuel_coloured_pillars_altar, xom_teletrap_fun, lemuel_doored_altar,
          lemuel_round_altar, lemuel_tele_altar, minmay_temple_entry_glass,
          uniq_edmund
D:6:      layout_basic, serial_shops, nicolae_shop_stone, uniq_menkaure
D:7:      layout_rooms, mainiacjoe_overflow_alcove_4, minmay_misc_feat_tiny,
          hangedman_decor_points, uniq_maggie
D:8:      layout_loops_ring, fedhas_altar_3, lightli_temple_of_fire,
          grunt_qazlal_sundering, minmay_misc_feat_plants
D:9:      cheibrodos_two_vegetables, layout_long_grid,
          mainiacjoe_overflow_paths, gammafunk_temple_overflow_elements,
          erik_orc_3, gammafunk_ghost_grave, minmay_misc_feat_hallway

Skill      XL: |  1  2  3  4  5  6  7  8  9 10 |
---------------+-------------------------------+-----
Axes           | 3 4 5 6 8 9 |  9.3
Maces & Flails | 5 9 10 | 10.7
Armour         | 6 |  6.4
Fighting       | 6 |  6.9
Dodging        | |  1.5

Action                   |  1- 3 |  4- 6 |  7- 9 | 10-12 || total
-------------------------+-------+-------+-------+-------++-------
Melee: Hand axe          |   112 |    59 |       |       ||   171
       Punch             |     1 |       |       |       ||     1
       War axe           |       |    32 |    50 |       ||    82
       Dire flail        |       |       |   156 |   232 ||   388
Invok: Berserk           |       |     2 |     8 |     5 ||    15
  Use: Potion            |       |       |       |    10 ||    10
       Scroll            |       |       |       |     8 ||     8
Armor: Animal skin       |     2 |       |       |       ||     2
       Ring mail         |    60 |    26 |       |       ||    86
       Chain mail        |       |    11 |   117 |       ||   128
       Plate armour      |       |       |    11 |   241 ||   252
       Skin              |       |       |       |    49 ||    49
Dodge: Dodged            |    71 |    59 |    94 |   130 ||   354
